 Dungeon Crawl Stone Soup version 0.30.1-11-g7821555f0a (webtiles) character file.

Game seed: 4652544938867275810

565184 krest322 the Slayer (level 26, -2/225 HPs)
             Began as a Hill Orc Fighter on Nov 4, 2023.
             Was an Elder of Beogh.
             Killed from afar by a black draconian (11 damage)
             ... with a bolt of lightning
             ... summoned by a shadow demon
             ... summoned by a dread lich
             ... on level 4 of the Realm of Zot.
             The game lasted 03:00:55 (66859 turns).

krest322 the Slayer (Hill Orc Fighter)             Turns: 66859, Time: 03:00:56

Health: -2/225     AC: 43    Str: 22    XL:     26   Next: 77%
Magic:  30/30      EV: 16    Int: 10    God:    Beogh [****..]
Gold:   6197       SH: 33    Dex: 14    Spells: 25/25 levels left

rFire   + + .        c - +9 broad axe (freeze)
rCold   . . .        D - +6 tower shield of Vehumet's Respect {rElec rN+++ Int-2 Stlth+}
rNeg    + + +        j - +7 storm dragon scales
rPois   +            R - +2 helmet
rElec   +            q - +4 dragonskin cloak
rCorr   .            h - +2 pair of gloves
SInv    .            z - +2 pair of boots {Fly}
Will    +....        m - amulet of reflection Stlth
                     g - ring "Cudwokk" {rPois rF+ rC+ Dex-3}
HPRegen 0.57/turn    V - ring of Dishonesty {rF+ rN+ Stlth+}
MPRegen 0.22/turn

%: reflection
@: about to teleport, flying, slowed, studying Stealth, very slow
A: clever 1, deterioration 1, frail 1, low MP 2, screaming 2, cold vulnerability
1, inability to drink after injury 1, devolution 1
}: 3/15 runes: serpentine, barnacled, silver
a: Renounce Religion, Smiting, Recall Orcish Followers


You were on level 4 of the Realm of Zot.
You worshipped Beogh.
Beogh was greatly pleased with you.
You visited 10 branches of the dungeon, and saw 48 of its levels.
You visited 1 bazaar.
You also visited: Bailey and Wizlab.

You collected 8908 gold pieces.
You spent 2711 gold pieces at shops.

Inventory:

Hand Weapons
 c - a +9 broad axe of freezing (weapon)
Missiles
 S - 6 throwing nets (quivered)
Armour
 e - +7 gold dragon scales
 h - a +2 pair of gloves (worn)
 j - +7 storm dragon scales (worn)
 q - the +4 dragonskin cloak (worn)
   (You took it off Tiamat on level 5 of the Realm of Zot)

   Avatar's Aegis: It grants the wearer a chance to resist fire, cold, poison,
   electricity, acid, and negative energy.
 z - a +2 pair of boots of flying (worn)
 C - a +2 cloak of willpower
 D - the +6 tower shield of Vehumet's Respect (worn) {rElec rN+++ Int-2 Stlth+}
   (You acquired it on level 1 of the Depths)

   Int:       It affects your intelligence (-2).
   rElec:     It insulates you from electricity.
   rN:        It renders you almost immune to negative energy.
   Stlth:     It makes you more stealthy.
 F - the +2 ring mail of Tiddob {rN++ Regen+}
   (You found it on level 13 of the Dungeon)

   rN:        It greatly protects you from negative energy.
   Regen:     It increases your rate of health regeneration.
 H - a +2 tower shield of reflection
 R - a +2 helmet (worn)
Jewellery
 g - the ring "Cudwokk" (left hand) {rPois rF+ rC+ Dex-3}
   (You acquired it on level 13 of the Dungeon)

   [ring of protection from cold]

   Dex:       It affects your dexterity (-3).
   rF:        It protects you from fire.
   rC:        It protects you from cold.
   rPois:     It protects you from poison.
 k - an amulet of regeneration
 m - an amulet of reflection (around neck)
 p - a ring of willpower
 y - the brooch of Shielding {Spirit SH+8}
   (You took it off a fire giant on level 3 of the Depths)

   [amulet of guardian spirit]

   It causes incoming damage to be divided between your reserves of health and
   magic.
   SH:        It affects your SH (+8).
 B - the ring of Feipuifi {+Blink rF+++ MP+9 Dex+6 Slay-3}
   (You acquired it on level 1 of the Depths)

   [ring of dexterity]

   Dex:       It affects your dexterity (+6).
   Slay:      It affects your accuracy & damage with ranged weapons and melee
   (-3).
   rF:        It renders you almost immune to fire.
   MP:        It affects your magic capacity (+9).
   +Blink:    It lets you blink.
 T - a ring of protection from cold
 U - the ring of Liupn {Dex+2 SInv Stlth+}
   (You found it in a wizard's laboratory)

   [ring of see invisible]

   Dex:       It affects your dexterity (+2).
   SInv:      It lets you see invisible.
   Stlth:     It makes you more stealthy.
 V - the ring of Dishonesty (right hand) {rF+ rN+ Stlth+}
   (You found it on level 4 of the Depths)

   [ring of positive energy]

   rF:        It protects you from fire.
   rN:        It protects you from negative energy.
   Stlth:     It makes you more stealthy.
Wands
 A - a wand of mindburst (34)
 K - a wand of acid (24)
 N - a wand of roots (61)
 Y - a wand of digging (35)
Scrolls
 a - 25 scrolls of identify
 o - 2 scrolls of butterflies
 r - 5 scrolls of immolation
 v - 9 scrolls of enchant weapon
 I - 4 scrolls of brand weapon
 J - 22 scrolls of teleportation
 Q - 5 scrolls of fog
 W - 4 scrolls of silence
 X - 11 scrolls of fear
Potions
 d - 10 potions of heal wounds
 f - 28 potions of curing
 l - 4 potions of resistance
 n - 8 potions of haste
 s - 3 potions of berserk rage
 u - 2 potions of might
 w - 3 potions of cancellation
 x - 2 potions of ambrosia
 G - 7 potions of mutation
 M - 2 potions of invisibility
 P - 4 potions of attraction
Miscellaneous
 b - a tin of tremorstones (2/2)
 i - a phial of floods
 L - a phantom mirror (inert)
 Z - a box of beasts


   Skills:
 - Level 23.0 Fighting
 - Level 22.0 Axes
 + Level 20.0 Armour
 * Level 18.3 Dodging
 - Level 22.0 Shields
 - Level 22.0 Invocations
 - Level 14.0 Evocations


You had 25 spell levels left.
You didn't know any spells.
Your spell library contained the following spells:

 Spells                   Type           Power      Damage    Failure   Level
 Apportation              Tloc           0%         N/A       90%         1
 Beastly Appendage        Tmut           0%         N/A       90%         1
 Foxfire                  Conj/Fire      0%         2x1d4     90%         1
 Kiss of Death            Conj/Necr      0%         2d5       90%         1
 Magic Dart               Conj           0%         1d3       90%         1
 Necrotise                Necr           0%         1d4       90%         1
 Summon Small Mammal      Summ           0%         N/A       90%         1
 Cigotuvi's Dreadful Rot  Necr/Pois/Air  0%         N/A       97%         2
 Ensorcelled Hibernation  Hex/Ice        0%         N/A       97%         2
 Lesser Beckoning         Tloc           0%         N/A       97%         2
 Passwall                 Tmut/Erth      0%         N/A       97%         2
 Sublimation of Blood     Necr           0%         N/A       97%         2
 Wereblood                Tmut           0%         N/A       97%         2
 Confusing Touch          Hex            0%         N/A       99%         3
 Dazzling Flash           Conj/Hex       0%         N/A       99%         3
 Frozen Ramparts          Ice            0%         1d1       99%         3
 Gell's Gravitas          Tloc           0%         N/A       99%         3
 Hailstorm                Conj/Ice       0%         3d3       99%         3
 Ignite Poison            Fire/Tmut/Pois 0%         N/A       99%         3
 Inner Flame              Hex/Fire       0%         N/A       99%         3
 Ozocubu's Armour         Ice            0%         N/A       99%         3
 Portal Projectile        Hex/Tloc       0%         N/A       99%         3
 Spider Form              Tmut/Pois      0%         N/A       99%         3
 Swiftness                Air            0%         N/A       99%         3
 Teleport Other           Tloc           0%         N/A       99%         3
 Tukima's Dance           Hex            0%         N/A       99%         3
 Vampiric Draining        Necr           0%         2d6       99%         3
 Volatile Blastmotes      Fire/Tloc      0%         2d10      99%         3
 Anguish                  Hex/Necr       0%         N/A       100%        4
 Animate Armour           Summ/Erth      0%         N/A       100%        4
 Animate Dead             Necr           0%         N/A       100%        4
 Cause Fear               Hex            0%         N/A       100%        4
 Dispel Undead            Necr           0%         3d6       100%        4
 Flame Wave               Conj/Fire      0%         2d4       100%        4
 Ice Form                 Ice/Tmut       0%         N/A       100%        4
 Iskenderun's Mystic Bla  Conj/Tloc      0%         2d3       100%        4
 Leda's Liquefaction      Hex/Erth       0%         N/A       100%        4
 Olgreb's Toxic Radiance  Pois           0%         N/A       100%        4
 Passage of Golubria      Tloc           0%         N/A       100%        4
 Petrify                  Tmut/Erth      0%         N/A       100%        4
 Summon Ice Beast         Ice/Summ       0%         N/A       100%        4
 Agony                    Necr           0%         N/A       100%        5
 Blade Hands              Tmut           0%         N/A       100%        5
 Borgnjor's Vile Clutch   Necr/Erth      0%         N/A       100%        5
 Fireball                 Conj/Fire      0%         3d3       100%        5
 Irradiate                Conj/Tmut      0%         3d11      100%        5
 Lee's Rapid Deconstruct  Erth           0%         3d4*      100%        5
 Metabolic Englaciation   Hex/Ice        0%         N/A       100%        5
 Silence                  Hex/Air        0%         N/A       100%        5
 Summon Forest            Summ/Tloc      0%         N/A       100%        5
 Summon Mana Viper        Hex/Summ       0%         N/A       100%        5
 Yara's Violent Unravell  Hex/Tmut       0%         3d3       100%        5
 Death Channel            Necr           0%         N/A       100%        6
 Plasma Beam              Fire/Air       0%         2x1d11    100%        6
 Simulacrum               Ice/Necr       0%         N/A       100%        6
 Starburst                Conj/Fire      0%         6d3       100%        6
 Statue Form              Tmut/Erth      0%         N/A       100%        6
 Dragon Form              Tmut           0%         N/A       100%        7
 Enfeeble                 Hex            0%         N/A       100%        7
 Haunt                    Necr/Summ      0%         N/A       100%        7
 Malign Gateway           Summ/Tloc      0%         N/A       100%        7
 Monstrous Menagerie      Summ           0%         N/A       100%        7
 Summon Hydra             Summ           0%         N/A       100%        7
 Borgnjor's Revivificati  Necr           0%         N/A       100%        8
 Discord                  Hex            0%         N/A       100%        8
 Ignition                 Fire           0%         3d3       100%        8
 Infestation              Necr           0%         N/A       100%        8
 Lehudib's Crystal Spear  Conj/Erth      0%         10d2      100%        8
 Necromutation            Tmut/Necr      0%         N/A       100%        8
 Summon Horrible Things   Summ           0%         N/A       100%        8
 Death's Door             Necr           0%         N/A       100%        9
 Dragon's Call            Summ           0%         N/A       100%        9


Dungeon Overview and Level Annotations

Branches:
Dungeon (15/15)            Temple (1/1) D:4            Lair (5/5) D:8
 Shoals (4/4) Lair:3        Snake (4/4) Lair:3        Slime (0/5) Lair:4
    Orc (2/2) D:11            Elf (3/3) Orc:2        Vaults (5/5) D:13
  Crypt (0/3) Vaults:3     Depths (4/4) D:15            Zot (5/5) Depths:4
 Bailey (visited)          WizLab (visited)

Altars:
Ashenzari
Cheibriados
Dithmenos
Elyvilon
Fedhas
Gozag
Hepliaklqana
Kikubaaqudgha
Makhleb
Nemelex Xobeh
Okawaru
Qazlal
Ru
Sif Muna
Trog
Uskayaw
Vehumet
Wu Jian
Xom
Yredelemnul
Zin
The Shining One
Beogh
Jiyva
Lugonu

Shops:
D:13 ?   Orc:2 =*:(*   Elf:1 [   Elf:2 !   Elf:3 :   Vaults:4 (   Vaults:5 *
Depths:1 =   Depths:4 :

Portals:
Hell: Depths:1 Depths:2 Depths:3 Depths:4
Abyss: Depths:3
Pandemonium: Depths:2
Ziggurat: Depths:3

Annotations:
Shoals:2 3 runed translucent doors, exclusion: obsidian statue, Beranek's ghost, adept MiFi
Depths:2 4 runed translucent doors, Sialonla's ghost, adept MfVM
Zot:1 2 transporters, Uneer's ghost, legendary GnFE
Zot:4 1 runed translucent door, Toelubet's ghost, veteran CeHu


Innate Abilities, Weirdness & Mutations

Your mind is acute. (Int +4, Str/Dex -1)
Your body sometimes deteriorates upon taking damage.
You are frail. (-10% HP)
Your magical capacity is very low. (-20% MP)
You frequently scream uncontrollably at your foes.
You are vulnerable to cold. (rC-)
You occasionally lose the ability to drink potions when taking damage.
You have hidden genetic defects.


Message History

The death cob hits you but does no damage.
The shadow demon hits you but does no damage.
The death cob hits you but does no damage.
The tormentor calls on the powers of darkness!
The red draconian scorcher convulses!
The red draconian convulses!
The black draconian convulses!
Your body is wracked with pain!
* * * LOW HITPOINT WARNING * * *
The green draconian convulses!
The orb of fire emits a lurid red light.
Strange energies course through your body.
Something touches you but does no damage.
The red draconian hits you with a +0 dire flail.
* * * LOW HITPOINT WARNING * * *
The green draconian hits you but does no damage.
The green draconian tail-slaps you but does no damage.
The black draconian breathes lightning at you.
The bolt of lightning misses the orb of fire.
The bolt of lightning hits you! You resist.
* * * LOW HITPOINT WARNING * * *
The bolt of lightning hits you. You resist.
* * * LOW HITPOINT WARNING * * *
The bolt of lightning hits the orb of fire.
The orb of fire completely resists.
The bolt of lightning misses the black draconian.
You can move again.
You feel much better. You block the death cob's attack. x2
Something touches you but does no damage.
You block the death cob's attack.
The tormentor calls on the powers of darkness!
The red draconian scorcher convulses!
The red draconian convulses!
The black draconian convulses!
Your body is wracked with pain!
* * * LOW HITPOINT WARNING * * *
The green draconian convulses!
You block the shadow demon's attack.
The red draconian hits you but does no damage.
The black draconian breathes lightning at you.
The bolt of lightning hits the orb of fire.
The orb of fire completely resists.
The bolt of lightning hits you! You resist.
* * * LOW HITPOINT WARNING * * *
The bolt of lightning hits you! You resist.
You die...

##### #...### ##### #.....###
#...# #####...<.##.
########...##########...#.....##.
...<............................[
................2.............[).
..)............{zd...............
###...##.....###@*d.##....#######
# ########...# #d2.###....# # #
#...## #q2.# ###### # # #...#
##### # #...# ### # ##### #.. #..
##### #.. ####...# ##..


You could see an orb of fire, a black draconian (summoned, catching breath), a
green draconian (summoned), a red draconian (summoned), a death cob, a red
draconian scorcher (summoned), a shadow demon (summoned) and 2 tormentors.

Vanquished Creatures
  Tiamat (Zot:5)
  2 orbs of fire
  Mennas (Depths:4)
  Sojobo (Depths:3)
  Parghit (Zot:4)
  Bai Suzhen (Shoals:3)
  Nikola (Vaults:2)
  4 curse toes
  A Hellbinder (WizLab)
  11 golden dragons
  A bone dragon (Depths:4)
  2 doom hounds (Zot:4)
  3 electric golems
  Zenata (Elf:1)
  A walking earthen tome (Depths:1)
  3 walking crystal tomes
  21 tentacled monstrosities
  6 liches
  9 Orb Guardians
  2 deep elf blademasters (Elf:3)
  2 deep elf master archers (Elf:3)
  Asterion (Elf:2)
  9 titans
  A walking frostbound tome (Depths:4)
  8 quicksilver dragons
  13 death cobs
  Grunn (Zot:4)
  A walking divine tome (Depths:4)
  7 sphinxes
  Polyphemus (Shoals:2)
  13 tengu reavers
  Kirke (D:12)
  18 shadow dragons
  8 fire giants
  21 storm dragons
  4 draconian knights
  5 nagarajas (Snake:4)
  5 draconian monks
  5 draconian scorchers
  An iron dragon (Depths:3)
  6 deep elf sorcerers
  Louise (D:15)
  6 frost giants
  A ghost moth (Zot:5)
  18 vault wardens
  A cacodemon (WizLab)
  The ghost of Giaff the Carver, a journeyman DsGl of Makhleb (D:15)
  A balrug (Depths:1)
  Aizul (Depths:1)
  5 draconian shifters
  3 orc warlords
  6 deep elf elementalists (Elf:3)
  A draconian stormcaller (Zot:1)
  14 ironbound preservers
  2 war gargoyles
  A quicksilver ooze (shapeshifter) (Vaults:1)
  4 draconian annihilators
  9 ironbound thunderhulks
  17 stone giants
  20 very ugly things
  A stone giant (shapeshifter) (Vaults:5)
  11 green draconians
  3 vampire knights
  10 deep elf annihilators
  Nessos (Lair:3)
  13 black draconians
  5 yellow draconians
  5 deep elf demonologists
  8 purple draconians
  7 red draconians
  15 dire elephants
  Azrael (Snake:3)
  15 spark wasps
  3 minotaurs (Shoals:4)
  13 ettins
  2 crystal guardians
  A green death (WizLab)
  2 blizzard demons (Depths:2)
  9 white draconians
  The ghost of raetorn the Unseen, a journeyman KoEn of Wu Jian (Lair:5)
  2 merfolk impalers
  The ghost of Qeag the Tainter, a journeyman OpVM of Sif Muna (D:15)
  5 deep elf death magi
  7 fire dragons
  6 ice dragons
  13 yaktaur captains
  Josephine (D:15)
  2 merfolk javelineers
  5 great orbs of eyes
  2 hell beasts (WizLab)
  30 vault guards
  3 deep elf high priests
  3 rakshasas
  7 hydras
  4 merfolk avatars
  3 salamander tyrants
  4 peacekeepers
  4 spriggan air magi
  12 ironbound frosthearts
  2 ogre magi
  3 centaur warriors
  10 anacondas
  11 death yaks
  3 alligator snapping turtles
  2 catoblepae
  4 deep troll shamans
  29 dancing weapons
  2 merfolk aquamancers
  11 satyrs
  12 boulder beetles
  5 deep troll earth magi
  19 naga warriors
  12 two-headed ogres
  2 sun demons (WizLab)
  6 orc high priests
  11 tengu warriors
  A vampire mage (Depths:1)
  Sonja (Lair:4)
  2 spriggan berserkers
  2 shock serpents (Snake:4)
  5 soul eaters
  18 deep elf knights
  9 naga sharpshooters
  11 skeletal warriors
  5 skysharks
  5 hell knights (Depths:1)
  A titan skeleton (Vaults:3)
  A shadow wraith (Depths:1)
  4 sixfirhies
  6 salamander mystics
  5 iron trolls
  A storm dragon skeleton (Vaults:3)
  A glowing orange brain (Depths:1)
  The ghost of Nimbul the Jinx, a novice FeTm of Wu Jian (D:12)
  4 sea snakes
  A deep troll (shapeshifter) (Depths:1)
  24 deep trolls
  A shadow demon (WizLab)
  5 flayed ghosts
  11 ironbound convokers
  6 naga ritualists
  28 harpies
  6 deep elf archers
  A mana viper (shapeshifter) (Vaults:4)
  8 phantasmal warriors
  10 orc knights
  8 wizards
  3 lindwurms
  26 deep elf pyromancers
  4 orc sorcerers
  7 mana vipers
  8 necromancers
  19 deep elf zephyrmancers
  A wolf spider (Vaults:5)
  A sphinx skeleton (Vaults:3)
  3 tengu skeletons (Vaults:3)
  53 ugly things
  2 frost giant zombies
  13 salamanders
  6 cyclopes
  12 manticores
  A stone giant skeleton (Vaults:3)
  15 fauns
  22 moths of wrath
  2 demonic crawlers (Elf:2)
  13 elephants (Lair:4)
  A frost giant skeleton (Vaults:3)
  A guardian serpent (shapeshifter) (D:15)
  A fire giant skeleton (Vaults:3)
  16 vault sentinels
  5 merfolk sirens
  3 smoke demons
  18 black mambas
  5 guardian serpents
  2 gargoyles
  10 naga magi
  2 rust devils
  6 water nymphs
  A black mamba (shapeshifter) (D:15)
  2 yaktaur zombies
  A hellion (WizLab)
  A torpor snail (shapeshifter) (Vaults:5)
  5 rime drakes
  14 cane toads
  4 kobold demonologists
  4 freezing wraiths
  A komodo dragon (shapeshifter) (Elf:3)
  9 komodo dragons
  A tengu conjurer (Depths:4)
  28 yaktaurs
  An elf skeleton (Vaults:3)
  An ice devil (WizLab)
  4 harpy zombies (Shoals:1)
  A yaktaur skeleton (Vaults:3)
  A human skeleton (Vaults:4)
  3 red devils
  6 trolls
  3 hellwings
  18 merfolk
  4 polar bears (Lair:5)
  A tengu simulacrum (Vaults:4)
  9 wind drakes
  6 hornets
  14 blink frogs
  A wolf spider simulacrum (D:14)
  12 snapping turtles
  3 dream sheep (Shoals:1)
  3 ettin skeletons
  41 slime creatures
  2 vampires
  A centaur simulacrum (D:15)
  A spriggan (shapeshifter) (D:15)
  2 shadows
  6 wraiths
  34 yaks
  6 water elementals
  An air elemental (Elf:1)
  A deep troll skeleton (Vaults:3)
  10 spriggans
  8 wyverns
  3 ynoxinuls
  8 fire elementals
  18 humans (D:13)
  A hog (shapeshifter) (D:13)
  4 chaos spawn
  2 steam dragons (Shoals:3)
  7 wargs
  7 vampire mosquitoes
  38 nagas
  2 glowing shapeshifter zombies
  5 acid dragons
  7 water moccasins
  3 hell hounds (Snake:3)
  18 orc warriors
  5 black bears
  A sky beast (D:6)
  3 swamp drakes (D:11)
  7 boggarts
  31 wolves
  8 ogres
  A centaur (D:6)
  4 kobold brigands
  4 necrophages (D:5)
  8 bullfrogs
  4 earth elementals
  A gnoll sergeant (D:10)
  A scorpion (D:4)
  9 wights (D:7)
  13 killer bees
  3 howler monkeys (D:9)
  An electric eel (Lair:3)
  A bullfrog zombie (D:5)
  3 lava snakes (Snake:2)
  2 hounds (D:5)
  2 jellies
  18 orc priests
  2 gnoll boudas
  3 iguanas (D:5)
  A sleepcap (D:6)
  11 orc wizards
  A scorpion zombie (D:5)
  A lightning spire (Zot:4)
  Ijyb (D:4)
  A hound zombie (D:5)
  14 gnolls
  7 adders
  A shadow imp (D:7)
  2 white imps
  2 ufetubi (D:4)
  3 worms
  2 dart slugs
  59 orcs
  9 ball pythons
  6 endoplasms
  2 giant cockroaches
  13 goblins
  7 hobgoblins
  6 jackals
  6 quokkas
  7 bats
  2 frilled lizards
  21 kobolds
  6 rats
  A butterfly (D:4)
  A spectral weapon (Elf:3)
1899 creatures vanquished.

Vanquished Creatures (collateral kills)
  A dread lich (Vaults:5)
  A doom hound (Zot:4)
  A tentacled monstrosity (Vaults:5)
  A cacodemon (WizLab)
  A white draconian (Zot:5)
  3 green deaths (WizLab)
  A deep elf high priest (Elf:2)
  A vault guard (Vaults:2)
  A death yak (Lair:3)
  6 dancing weapons (Elf:2)
  4 orc high priests
  A deep troll (Vaults:5)
  3 deep elf zephyrmancers (Elf:2)
  A deep elf pyromancer (Elf:2)
  An orc knight (Vaults:3)
  A black mamba (Snake:2)
  2 orange demons (WizLab)
  A hellion (WizLab)
  An ice devil (WizLab)
  2 red devils (WizLab)
  A hellwing (WizLab)
  A meliai (shapeshifter) (Depths:4)
  A polar bear (Lair:5)
  A hornet (Lair:5)
  A slime creature (D:13)
  A spriggan (Lair:5)
  A human (D:13)
  2 orc warriors
  An ogre (Orc:2)
  5 wolves (Lair:5)
  A boggart (Lair:5)
  An earth elemental (Elf:2)
  11 orc priests
  An orc wizard (Orc:2)
  7 orcs
70 creatures vanquished.

Vanquished Creatures (others)
  A lich (Depths:2)
  A fire giant (Depths:3)
  2 orc warlords (Vaults:3)
  A demonspawn blood saint (WizLab)
  An orc high priest (Vaults:3)
  A soul eater (Depths:1)
  A wizard (D:13)
  2 deep elf pyromancers
  10 orc knights
  An orc sorcerer (D:11)
  A manticore (Shoals:4)
  A yak (Lair:2)
  32 orc priests
  14 orc warriors
  An ogre (Orc:1)
  13 orc wizards
  40 orcs
123 creatures vanquished.

Grand Total: 2092 creatures vanquished

Notes
Turn   | Place    | Note
-------+----------+-------------------------------------------
     0 | D:1      | krest322 the Hill Orc Fighter began the quest for the Orb.
     0 | D:1      | Reached XP level 1. HP: 19/19 MP: 1/1
   143 | D:1      | Reached XP level 2. HP: 27/27 MP: 2/2
   512 | D:1      | Reached XP level 3. HP: 33/33 MP: 3/3
   904 | D:2      | Reached skill level 4 in Fighting
   994 | D:2      | Identified the +2 trident of Uskayaw's Fury {spect, Will+
                  | Str+4 Int+2 Dex+2}
  1155 | D:2      | Found a hazy altar of Hepliaklqana.
  1303 | D:2      | Reached XP level 4. HP: 40/40 MP: 4/4
  2079 | D:4      | Noticed a scorpion
  2088 | D:4      | Killed a scorpion
  2089 | D:4      | Reached skill level 5 in Axes
  2089 | D:4      | Reached XP level 5. HP: 47/47 MP: 5/5
  2098 | D:4      | Found a staircase to the Ecumenical Temple.
  2251 | Temple   | Entered the Ecumenical Temple
  2608 | D:4      | Noticed a black bear
  2619 | D:4      | Killed a black bear
  2620 | D:4      | Reached XP level 6. HP: 45/53 MP: 6/6
  2919 | D:4      | Noticed Ijyb
  2927 | D:4      | Killed Ijyb
  3204 | D:5      | Entered Level 5 of the Dungeon
  3228 | D:5      | Found a shimmering altar of Xom.
  3243 | D:5      | Reached XP level 7. HP: 45/60 MP: 7/7
  3300 | D:5      | Noticed a shadow
  3301 | D:5      | Found a shadowy altar of Dithmenos.
  3302 | D:5      | Found a hazy altar of Hepliaklqana.
  3318 | D:5      | Reached skill level 5 in Fighting
  3318 | D:5      | Reached skill level 5 in Armour
  3455 | D:5      | Found an ornate altar of the Wu Jian Council.
  3489 | D:5      | Found a burning altar of Makhleb.
  3606 | D:5      | Found a transporter.
  3615 | D:5      | Noticed a vampire
  3617 | D:5      | Found a shimmering blue altar of Sif Muna.
  3617 | D:5      | Noticed a troll
  3627 | D:5      | Found a transporter.
  3846 | D:5      | Became a worshipper of Beogh the Brigand
  4319 | D:5      | Found a blossoming altar of Fedhas.
  4384 | D:5      | Reached skill level 1 in Invocations
  4384 | D:5      | Reached XP level 8. HP: 69/69 MP: 8/8
  4394 | D:5      | Reached skill level 5 in Shields
  4605 | D:6      | Reached skill level 6 in Fighting
  4715 | D:6      | Reached * piety under Beogh
  4929 | D:6      | Reached skill level 10 in Axes
  5303 | D:6      | Noticed a deep elf zephyrmancer
  5310 | D:6      | Killed a deep elf zephyrmancer
  5311 | D:6      | Reached XP level 9. HP: 42/78 MP: 10/12
  5504 | D:7      | Noticed a kobold demonologist
  5505 | D:7      | Noticed a kobold demonologist
  5693 | D:7      | HP: 1/68 [wight/+0 dire flail (3)]
  6332 | D:7      | Noticed an orange demon
  6333 | D:7      | Killed a kobold demonologist
  6342 | D:7      | Noticed a red devil
  6393 | D:7      | Killed a kobold demonologist
  6394 | D:7      | Reached skill level 5 in Invocations
  6412 | D:7      | Reached skill level 7 in Fighting
  6611 | D:8      | Reached XP level 10. HP: 86/86 MP: 14/14
  6620 | D:8      | Reached ** piety under Beogh
  6861 | D:8      | Noticed a two-headed ogre
  6867 | D:8      | Killed a two-headed ogre
  7388 | D:8      | Found a staircase to the Lair.
  7762 | D:9      | Noticed a two-headed ogre
  7770 | D:9      | Killed a two-headed ogre
  8050 | D:9      | Noticed a kobold demonologist
  8053 | D:9      | Noticed a sun demon
  8062 | D:9      | Killed a kobold demonologist
  8146 | D:9      | Noticed a two-headed ogre
  8159 | D:9      | Killed a two-headed ogre
  8160 | D:9      | Reached skill level 8 in Fighting
  8355 | D:9      | Reached XP level 11. HP: 95/95 MP: 16/16
  8515 | D:9      | Identified the +5 glaive "Qoykhlab" {vamp, *Slow rC+ Int+2}
  8632 | D:10     | Entered Level 10 of the Dungeon
  8659 | D:10     | Found a flagged portal.
  8786 | Bailey   | Entered a bailey
  8951 | Bailey   | Noticed an orc knight
  8964 | Bailey   | Killed an orc knight
  8999 | Bailey   | Noticed an orc knight
  9017 | Bailey   | Killed an orc knight
  9377 | D:10     | Reached skill level 1 in Dodging
  9381 | D:10     | Reached *** piety under Beogh
  9531 | D:10     | Reached skill level 9 in Fighting
  9785 | D:10     | Noticed a two-headed ogre
  9798 | D:10     | Killed a two-headed ogre
  9974 | D:11     | Reached skill level 15 in Axes
  9976 | D:11     | Found a staircase to the Orcish Mines.
 10716 | Orc:1    | Entered Level 1 of the Orcish Mines
 10774 | Orc:1    | Noticed a deep elf pyromancer
 10780 | Orc:1    | Noticed an orc high priest
 10787 | Orc:1    | Noticed an orc sorcerer
 10789 | Orc:1    | Killed a deep elf pyromancer
 10790 | Orc:1    | Reached XP level 12. HP: 43/105 MP: 18/18
 10790 | Orc:1    | Noticed an orc warlord
 11067 | Orc:1    | Killed an orc high priest
 11089 | Orc:1    | Killed an orc warlord
 11451 | Orc:1    | Noticed an orc warlord
 11494 | Orc:1    | Noticed an orc warlord
 11538 | D:11     | Killed an orc warlord
 11818 | D:11     | Killed an orc warlord
 12005 | Orc:1    | Noticed a two-headed ogre
 12009 | Orc:1    | Killed a two-headed ogre
 12290 | Orc:2    | Entered Level 2 of the Orcish Mines
 12306 | Orc:2    | Reached skill level 10 in Fighting
 12333 | Orc:1    | Noticed a sun demon
 12337 | Orc:1    | Noticed a soul eater
 12348 | Orc:2    | Reached skill level 10 in Shields
 12573 | Orc:1    | Reached skill level 10 in Invocations
 12809 | Orc:2    | Found a staircase to the Elven Halls.
 13349 | Orc:2    | Noticed an orc high priest
 13351 | Orc:2    | Noticed a soul eater
 13364 | Orc:2    | Noticed an orc high priest
 13501 | Orc:2    | Gained mutation: Potions are less effective at restoring
                  | your health. [a neqoxec]
 13504 | Orc:2    | Gained mutation: You occasionally lose the ability to read
                  | scrolls when taking damage. [a neqoxec]
 13507 | Orc:2    | Killed an orc high priest
 13508 | Orc:2    | Reached XP level 13. HP: 77/114 MP: 20/20
 13615 | Orc:2    | Reached skill level 10 in Armour
 13685 | Orc:2    | Found Nappyus's General Store.
 13685 | Orc:2    | Found Causk's Jewellery Shoppe.
 13694 | Orc:2    | Bought a scroll of blinking for 112 gold pieces
 13694 | Orc:2    | Bought a scroll of fear for 60 gold pieces
 13713 | Orc:2    | Found a roughly hewn altar of Beogh.
 13800 | Orc:2    | Found Vakagroi's Mayhem Merchandise.
 13968 | Orc:2    | Reached **** piety under Beogh
 13977 | Orc:2    | Found Ryschij's Weapon Boutique.
 13977 | Orc:2    | Found Vacsaon's Book Shoppe.
 14279 | Orc:2    | Bought an amulet of regeneration for 420 gold pieces
 14279 | Orc:2    | Bought an amulet of reflection for 420 gold pieces
 14279 | Orc:2    | Bought a ring of willpower for 350 gold pieces
 14279 | Orc:2    | Bought a ring of poison resistance for 280 gold pieces
 14393 | Lair:1   | Entered Level 1 of the Lair of Beasts
 15411 | Lair:2   | Reached skill level 11 in Fighting
 15544 | Lair:2   | You fall into a shaft and drop 1 floor!
 15563 | Lair:3   | Reached ***** piety under Beogh
 15595 | Lair:3   | Found a staircase to the Snake Pit.
 15714 | Lair:2   | Reached skill level 5 in Dodging
 16285 | Lair:3   | Noticed Nessos
 16292 | Lair:3   | Killed Nessos
 16503 | Lair:3   | Reached XP level 14. HP: 96/124 MP: 22/22
 16596 | Lair:3   | Found a staircase to the Shoals.
 17559 | Lair:4   | Found a viscous altar of Jiyva.
 17560 | Lair:4   | Found a staircase to the Slime Pits.
 17634 | Lair:4   | Noticed Sonja
 17636 | Lair:4   | Killed Sonja
 17683 | Lair:4   | Reached skill level 12 in Fighting
 17992 | Lair:4   | Identified the +2 quarterstaff of the Hummingbird {drain,
                  | rPois rN+ Str+7 Int-4}
 18037 | Lair:5   | Entered Level 5 of the Lair of Beasts
 18190 | Lair:5   | Found a runed translucent gate.
 18190 | Lair:5   | Found a runed translucent gate.
 18190 | Lair:5   | Found a runed translucent gate.
 18190 | Lair:5   | Noticed raetorn's ghost (journeyman KoEn)
 18434 | Lair:5   | Gained Blodwig as an ally
 18463 | Lair:5   | Your ally Blodwig died
 18762 | Lair:5   | Reached XP level 15. HP: 133/134 MP: 24/24
 19068 | Lair:5   | Gained Boldo as an ally
 19218 | Lair:5   | Killed raetorn's ghost
 19881 | D:12     | Noticed Kirke
 19888 | D:12     | Killed Kirke
 19889 | D:12     | Reached skill level 1 in Evocations
 20035 | D:12     | Found a glowing silver altar of Zin.
 20035 | D:12     | Noticed an angel
 20163 | D:12     | Found a runed translucent gate.
 20164 | D:12     | Found a runed translucent gate.
 20164 | D:12     | Found a runed translucent gate.
 20166 | D:12     | Noticed Nimbul's ghost (novice FeTm)
 20518 | D:13     | Identified the +2 ring mail of Tiddob {rN++ Regen+}
 20577 | D:13     | Gained Borgun as an ally
 20578 | D:13     | Reached skill level 13 in Fighting
 20589 | D:13     | Your ally Borgun died
 20596 | D:13     | Found a gate to the Vaults.
 21209 | D:13     | Found Kueck's Magic Scroll Boutique.
 21212 | D:13     | Bought a scroll of identify for 36 gold pieces
 21212 | D:13     | Bought a scroll of identify for 36 gold pieces
 21212 | D:13     | Bought a scroll of silence for 171 gold pieces
 21212 | D:13     | Bought a scroll of enchant weapon for 135 gold pieces
 21212 | D:13     | Bought a scroll of vulnerability for 72 gold pieces
 21213 | D:13     | Identified a scroll of acquirement
 21215 | D:13     | Acquired the ring "Cudwokk" {rPois rF+ rC+ Dex-3}
 22128 | D:15     | Entered Level 15 of the Dungeon
 22216 | D:15     | Reached XP level 16. HP: 127/139 MP: 26/26
 22445 | D:15     | Reached ****** piety under Beogh
 22448 | D:15     | Reached skill level 14 in Fighting
 22603 | D:15     | Noticed Josephine
 22610 | D:15     | Killed Josephine
 22625 | D:15     | Noticed Louise
 22630 | D:15     | Killed Louise
 22690 | D:15     | Found a runed translucent gate.
 22691 | D:15     | Found a runed translucent gate.
 22703 | D:15     | Found a runed translucent gate.
 22958 | D:15     | Found a staircase to the Depths.
 23500 | D:15     | Noticed Giaff's ghost (journeyman DsGl)
 23500 | D:15     | Noticed Qeag's ghost (journeyman OpVM)
 23745 | Snake:1  | Entered Level 1 of the Snake Pit
 24110 | Snake:1  | Got the Precepts of Formation
 24544 | Snake:2  | Gained Boruk as an ally
 24567 | Snake:2  | Reached skill level 5 in Evocations
 24626 | Snake:2  | Reached skill level 15 in Shields
 24761 | Snake:2  | Identified the +2 glaive of Sequestration {flame, *Slow rF-
                  | Dex+5 Stlth+}
 25057 | Snake:2  | Reached skill level 15 in Invocations
 25246 | Snake:2  | Reached skill level 15 in Fighting
 25954 | Snake:3  | Reached XP level 17. HP: 147/156 MP: 28/28
 26021 | Snake:3  | Noticed Azrael
 26027 | Snake:3  | Killed Azrael
 26192 | Snake:3  | Found a snail-covered altar of Cheibriados.
 26730 | Snake:4  | Entered Level 4 of the Snake Pit
 26870 | Snake:4  | Reached skill level 16 in Fighting
 26872 | Snake:4  | Gained Bogwald as an ally
 27170 | Snake:4  | Your ally Bogwald died
 27381 | Snake:4  | Found the +8 autumn katana {manifold assault}
 28111 | Snake:4  | Got a serpentine rune of Zot
 28801 | Shoals:1 | Entered Level 1 of the Shoals
 28833 | Shoals:1 | Identified the +4 trident "Dezea" {drain, rPois rN+ Will++
                  | Str-3}
 29276 | Shoals:1 | Identified the +6 scale mail "Remn" {Str+6 Int-5 SInv}
 29314 | Shoals:1 | Reached XP level 18. HP: 168/168 MP: 30/30
 29963 | Shoals:2 | Reached skill level 17 in Fighting
 29984 | Shoals:2 | Noticed Polyphemus
 30050 | Shoals:2 | Killed Polyphemus
 30264 | Shoals:2 | Found a runed translucent gate.
 30331 | Shoals:2 | Found a runed translucent gate.
 30331 | Shoals:2 | Found a runed translucent gate.
 30333 | Shoals:2 | Found an opulent altar of Gozag.
 30335 | Shoals:2 | Noticed Beranek's ghost (adept MiFi)
 30772 | Shoals:3 | Noticed Bai Suzhen
 30781 | Shoals:3 | Killed Bai Suzhen
 30923 | Shoals:3 | Acquired 886 gold pieces
 31804 | Shoals:3 | Identified the +5 falchion of Dullness {speed, rPois Str+7}
 31929 | Shoals:4 | Entered Level 4 of the Shoals
 32556 | Shoals:4 | Reached skill level 10 in Dodging
 32608 | Shoals:4 | Got the Elucidation of the Tincture and Accomplices
 32610 | Shoals:4 | Got a barnacled rune of Zot
 32736 | Shoals:4 | Reached XP level 19. HP: 158/178 MP: 31/31
 33300 | D:12     | Killed Nimbul's ghost
 33426 | D:15     | Killed Giaff's ghost
 33442 | D:15     | Killed Qeag's ghost
 33899 | Elf:1    | Entered Level 1 of the Elven Halls
 33984 | Elf:1    | Paralysed by an air elemental for 1 turns
 34122 | Elf:1    | Got the Volume of Glowing Malignant Words
 34187 | Elf:1    | Found Utzisk's Armour Boutique.
 34511 | Elf:1    | Reached skill level 18 in Fighting
 34545 | Elf:1    | Noticed Zenata
 34551 | Elf:1    | Killed Zenata
 34945 | Elf:2    | Found a magical portal.
 34951 | WizLab   | Entered The Hall of the Hellbinder
 34960 | WizLab   | Gained Thorok as an ally
 34980 | WizLab   | Your ally Thorok died
 35039 | WizLab   | Lost mutation: You occasionally lose the ability to read
                  | scrolls when taking damage. [potion of mutation]
 35039 | WizLab   | Lost mutation: Potions are less effective at restoring your
                  | health. [potion of mutation]
 35039 | WizLab   | Gained mutation: You are frail. (-10% HP) [potion of
                  | mutation]
 35039 | WizLab   | Gained mutation: Your body sometimes deteriorates upon
                  | taking damage. [potion of mutation]
 35039 | WizLab   | Gained mutation: You are agile. (Dex +4, Str/Int -1)
                  | [potion of mutation]
 35040 | WizLab   | Lost mutation: You are frail. (-10% HP) [potion of
                  | mutation]
 35040 | WizLab   | Lost mutation: You are agile. (Dex +4, Str/Int -1) [potion
                  | of mutation]
 35040 | WizLab   | Lost mutation: Your body sometimes deteriorates upon taking
                  | damage. [potion of mutation]
 35040 | WizLab   | Gained mutation: You are agile. (Dex +4, Str/Int -1)
                  | [potion of mutation]
 35267 | WizLab   | Noticed Sudaol
 35277 | WizLab   | Found a burning altar of Makhleb.
 35280 | WizLab   | Killed Sudaol the Hellbinder
 35280 | WizLab   | Gained Jorge as an ally
 35355 | WizLab   | Identified the ring of Liupn {Dex+2 SInv Stlth+}
 35402 | WizLab   | Got the Dissertation on the Gathering
 35559 | Elf:2    | Found a radiant altar of Vehumet.
 35643 | Elf:2    | Noticed Asterion
 35655 | Elf:2    | Killed Asterion
 35753 | Elf:2    | Your ally Jorge died
 35771 | Elf:1    | Found an ancient bone altar of Kikubaaqudgha.
 35796 | Elf:2    | Found a runed translucent gate.
 35797 | Elf:2    | Found a runed translucent gate.
 35797 | Elf:2    | Found a runed translucent gate.
 36161 | Elf:2    | Found Pepuprem's Distillery.
 36267 | Elf:2    | Reached skill level 10 in Evocations
 36298 | Elf:2    | Bought a potion of heal wounds for 65 gold pieces
 36298 | Elf:2    | Bought a potion of mutation for 104 gold pieces
 36298 | Elf:2    | Bought a potion of mutation for 104 gold pieces
 36298 | Elf:2    | Bought a potion of haste for 130 gold pieces
 36619 | Elf:2    | Gained Borgun as an ally
 36664 | Elf:2    | Reached XP level 20. HP: 183/189 MP: 33/33
 37171 | Elf:3    | Entered Level 3 of the Elven Halls
 37605 | Elf:3    | Found Biosozir's Tiny Tomes.
 37687 | Elf:3    | Gained Arkwar as an ally
 38101 | Elf:3    | Reached skill level 19 in Fighting
 38218 | Elf:3    | Your ally Arkwar died
 38270 | Elf:3    | Identified the staff of cold "Ypor Jusm" {rC+ Str+3}
 38543 | Elf:3    | Identified the staff of air "Omoqitt" {rElec rF+ Int+3}
 38666 | Elf:3    | Identified the +0 triple crossbow of the Swamp {drain, rC+}
 38766 | Elf:3    | Identified the staff of conjuration "Gurph" {rN+ Str-4
                  | Dex+4 SInv}
 39006 | Vaults:1 | Entered Level 1 of the Vaults
 39016 | Vaults:1 | Found a flickering gateway to a bazaar.
 39030 | Vaults:1 | Reached skill level 15 in Armour
 39039 | Bazaar   | Entered a bazaar
 39043 | Bazaar   | Found Guumolom's Book Boutique.
 39063 | Bazaar   | Found Yneerit's Antique Weapon Shoppe.
 39078 | Bazaar   | Found Vitoilarch's Antique Weapon Emporium.
 39083 | Bazaar   | Found Horumy's Antique Armour Shoppe.
 39092 | Bazaar   | Bought an encrusted ring mail for 216 gold pieces
 39092 | Bazaar   | Identified the +3 ring mail of Experimentation {Drain rN++
                  | Stlth+} (You bought it in a shop in a bazaar)
 40116 | Vaults:1 | Reached XP level 21. HP: 87/200 MP: 34/34
 41188 | Vaults:2 | Noticed Nikola
 41201 | Vaults:2 | Killed Nikola
 41202 | Vaults:2 | Reached skill level 20 in Fighting
 41472 | Vaults:2 | Gained Syrus as an ally
 43231 | Vaults:3 | Found a staircase to the Crypt.
 43587 | Vaults:4 | Found Cyescheh's Weapon Boutique.
 43828 | Vaults:4 | Reached XP level 22. HP: 211/211 MP: 35/35
 44723 | Vaults:4 | Identified the +1 leather armour of the Planets {Int+2}
 45026 | Vaults:5 | Entered Level 5 of the Vaults
 45091 | Vaults:4 | Reached skill level 21 in Fighting
 45211 | Vaults:5 | Paralysed by a floating eye for 3 turns
 45456 | Vaults:5 | HP: 6/199 [deep elf high priest/divine providence (11)]
 45821 | Vaults:5 | Noticed a golden dragon
 45834 | Vaults:5 | Killed a golden dragon
 45949 | Vaults:5 | Noticed a golden dragon
 45984 | Vaults:5 | Noticed a dread lich
 46003 | Vaults:5 | Identified the +1 robe "Wazusal" {rC- Will+++ rCorr Str-2}
 46223 | Vaults:5 | Identified the +4 mace "Larif" {venom, Int+4}
 46243 | Vaults:5 | Identified the ring of Raruejo {Fire Str+4}
 46381 | Vaults:5 | Acquired 1065 gold pieces
 46402 | Vaults:5 | Found Dakif's Assorted Antiques.
 46412 | Vaults:5 | Reached XP level 23. HP: 202/203 MP: 37/37
 46665 | Vaults:5 | Got Qoudyuma's Grimoire of Geometry and Outbursts
 46771 | Vaults:5 | Killed a golden dragon
 47472 | Vaults:5 | Killed a dread lich
 47559 | Vaults:5 | Identified the staff of poison "Utacku" {rPois Int+4}
 47791 | Vaults:5 | Gained Wulfoc as an ally
 47808 | Vaults:5 | Got a silver rune of Zot
 48109 | Depths:1 | Entered Level 1 of the Depths
 48263 | Depths:1 | Noticed a golden dragon
 48285 | Depths:1 | Killed a golden dragon
 48592 | Depths:1 | Acquired the +6 tower shield of Vehumet's Respect {rElec
                  | rN+++ Int-2 Stlth+}
 48614 | Depths:1 | Acquired the ring of Feipuifi {+Blink rF+++ MP+9 Dex+6
                  | Slay-3}
 49005 | Depths:1 | Noticed Aizul
 49024 | Depths:1 | Killed Aizul
 49441 | Vaults:5 | Your ally Wulfoc died
 49722 | Depths:1 | Found Passorgh's Jewellery Emporium.
 49822 | Depths:1 | Gained Borgoth as an ally
 49860 | Depths:1 | Your ally Borgoth died
 49873 | Depths:1 | Found a radiant altar of Vehumet.
 50037 | Depths:1 | Reached skill level 22 in Fighting
 50497 | Depths:1 | Gained Thorok as an ally
 50557 | Depths:1 | Got Borgnjor's Octavo of Resurrection
 50651 | Depths:1 | Found a gateway to Hell.
 50908 | Depths:2 | Reached XP level 24. HP: 215/231 MP: 37/37
 50998 | Depths:2 | Found a runed translucent door.
 51013 | Depths:2 | Found a runed translucent door.
 51014 | Depths:2 | Noticed a caustic shrike
 51319 | Depths:2 | Noticed Sialonla's ghost (adept MfVM)
 51422 | Depths:2 | Found a runed translucent gate.
 51422 | Depths:2 | Found a runed translucent gate.
 51422 | Depths:2 | Found a runed translucent gate.
 51518 | Depths:2 | Found an opulent altar of Gozag.
 51709 | Depths:2 | Found a one-way gate leading to the halls of Pandemonium.
 51716 | Depths:2 | Gained Learuk as an ally
 52015 | Depths:2 | Identified the +1 arbalest of Toixkae {heavy, Int+4}
 52336 | Depths:2 | Your ally Learuk died
 52420 | Depths:2 | Got the Codex of the Mob and Enchantment
 52778 | Depths:3 | Noticed Sojobo
 52783 | Depths:3 | Killed Sojobo
 53130 | Depths:3 | Found a corrupted altar of Lugonu.
 53131 | Depths:3 | Found a one-way gate to the infinite horrors of the Abyss.
 53201 | Depths:3 | Identified the amulet "Feitonk" {RegenMP rN+++ Dex-3}
 53221 | Depths:3 | Identified the +2 battleaxe "Roeniwn" {vamp, +Blink}
 53442 | Depths:3 | Got Sif Muna's Secrets of Earthen Relocation
 53651 | Depths:3 | Found a one-way gateway to a ziggurat.
 53668 | Depths:3 | Paralysed by a floating eye for 3 turns
 53675 | Depths:3 | Paralysed by a floating eye for 2 turns
 53679 | Depths:3 | Paralysed by a floating eye for 2 turns
 53743 | Depths:3 | Paralysed by a floating eye for 3 turns
 54108 | Depths:4 | Entered Level 4 of the Depths
 54720 | Depths:4 | Identified the staff of death "Cuaggon" {rPois rN+ Str-3
                  | Int+5 Stlth+}
 54762 | Depths:4 | Identified the +3 chain mail "Tahesaodd" {+Blink rC+}
 54942 | Depths:4 | Identified the ring of Dishonesty {rF+ rN+ Stlth+}
 55084 | Depths:4 | Found Xiuk's Book Shoppe.
 55126 | Depths:4 | Noticed Mennas
 55135 | Depths:4 | Reached skill level 23 in Fighting
 55165 | Depths:4 | Killed Mennas
 55166 | Depths:4 | Reached XP level 25. HP: 135/243 MP: 38/38
 56137 | Depths:4 | Found a gate to the Realm of Zot.
 56552 | Zot:1    | Entered Level 1 of the Realm of Zot
 56692 | Zot:1    | Found a transporter.
 56696 | Zot:1    | Noticed Uneer's ghost (legendary GnFE)
 56703 | Zot:1    | Found a transporter.
 56749 | Zot:1    | Reached skill level 15 in Dodging
 57159 | Zot:1    | Identified the +4 morningstar "Lalyoruor" {venom, +Blink
                  | rF- Dex+5}
 60282 | Zot:3    | Noticed an orb of fire
 60288 | Zot:3    | Gained mutation: Your body sometimes deteriorates upon
                  | taking damage. [an orb of fire]
 60583 | Zot:3    | Gained mutation: You occasionally lose the ability to drink
                  | potions when taking damage. [an orb of fire]
 60588 | Zot:3    | Gained mutation: You occasionally shout uncontrollably at
                  | your foes. [an orb of fire]
 60589 | Zot:3    | Lost mutation: Your body sometimes deteriorates upon taking
                  | damage. [an orb of fire]
 60590 | Zot:3    | Killed an orb of fire
 60598 | Zot:2    | Lost mutation: You are agile. (Dex +4, Str/Int -1) [potion
                  | of mutation]
 60598 | Zot:2    | Lost mutation: You occasionally lose the ability to drink
                  | potions when taking damage. [potion of mutation]
 60598 | Zot:2    | Gained mutation: Your mind is acute. (Int +4, Str/Dex -1)
                  | [potion of mutation]
 61652 | Zot:3    | Reached XP level 26. HP: 241/250 MP: 38/38
 63141 | Zot:4    | Identified the +1 morningstar "Qucuuj" {protect, +Blink rF-
                  | rN+ Stlth+}
 63605 | Zot:4    | Noticed Parghit
 63629 | Zot:4    | Killed Parghit
 63877 | Zot:4    | Noticed Grunn
 63937 | Zot:4    | Killed Grunn
 63950 | Zot:4    | Gained Agrik as an ally
 64207 | Zot:4    | Found a runed translucent door.
 64216 | Zot:4    | Noticed Toelubet's ghost (veteran CeHu)
 65245 | Zot:5    | Entered Level 5 of the Realm of Zot
 65925 | Zot:5    | Identified the +2 scale mail "Hoetehyt" {-Tele Fly Regen+
                  | Int+2 Stlth+}
 66031 | Zot:5    | Found the +4 dragonskin cloak
 66031 | Zot:5    | Noticed Tiamat
 66042 | Zot:5    | Killed Tiamat
 66225 | Zot:5    | Noticed a Killer Klown
 66230 | Zot:5    | Noticed an orb of fire
 66231 | Zot:5    | Noticed an orb of fire
 66236 | Zot:5    | Noticed an orb of fire
 66237 | Zot:5    | Gained mutation: You occasionally lose the ability to drink
                  | potions when taking damage. [an orb of fire]
 66237 | Zot:5    | Gained mutation: You are vulnerable to cold. (rC-) [an orb
                  | of fire]
 66237 | Zot:5    | Noticed a dread lich
 66237 | Zot:5    | Noticed an orb of fire
 66238 | Zot:5    | Gained mutation: You are frail. (-10% HP) [an orb of fire]
 66239 | Zot:5    | Noticed a Killer Klown
 66239 | Zot:5    | Noticed an orb of fire
 66336 | Zot:5    | Gained mutation: You frequently scream uncontrollably at
                  | your foes. [an orb of fire]
 66342 | Zot:5    | Gained mutation: You are agile. (Dex +4, Str/Int -1) [an
                  | orb of fire]
 66344 | Zot:5    | Gained mutation: You are vulnerable to heat. (rF-) [an orb
                  | of fire]
 66349 | Zot:4    | Lost mutation: You are vulnerable to heat. (rF-) [an orb of
                  | fire]
 66356 | Zot:4    | Gained mutation: Your body sometimes deteriorates upon
                  | taking damage. [an orb of fire]
 66357 | Zot:4    | Gained mutation: Your magical capacity is low. (-10% MP)
                  | [an orb of fire]
 66360 | Zot:4    | Gained mutation: Your magical capacity is very low. (-20%
                  | MP) [an orb of fire]
 66366 | Zot:4    | Killed an orb of fire
 66748 | Zot:5    | Noticed a dread lich
 66837 | Zot:5    | Paralysed by a dread lich for 4 turns
 66838 | Zot:5    | Lost mutation: You are agile. (Dex +4, Str/Int -1) [an orb
                  | of fire]
 66848 | Zot:4    | Gained mutation: You have hidden genetic defects. [an orb
                  | of fire]
 66855 | Zot:4    | Paralysed by something for 4 turns
 66858 | Zot:4    | HP: 6/225 [black draconian/bolt of lightning[a dread lich]
                  | (6)]
 66859 | Zot:4    | Killed from afar by a black draconian

Illustrated notes

Levels and vault maps discovered:
D:1:      dpeg_arrival_connections, layout_loops_ring
D:2:      layout_basic, basic_altar, interstate_on_off, chequers_garden
D:3:      layout_rooms
D:4:      layout_basic, minmay_temple_entry_butterflies, item_on_display_a,
          uniq_ijyb
D:5:      layout_layer_cave, riverfiend_overflow_shadow_ancestor,
          gammafunk_temple_overflow_arena, nicolae_overflow_hidden_temple,
          fedhas_altar_decomposition
D:6:      layout_basic, minivault_24, solitary_fountain,
          guppyfry_early_elven_hall
D:7:      layout_loops_ring, chequers_serial_rivers_room_b,
          minmay_misc_feat_enclosed
D:8:      nicolae_BIG_FREAKIN_CUBE, layout_basic
D:9:      layout_loops_ring
D:10:     layout_rooms, enter_bailey_3
D:11:     layout_long_grid, david_orc_2, pond
D:12:     layout_loops_ring, gammafunk_ghost_hydra_chop, zin_angel, uniq_kirke
D:13:     layout_stronghold, grunt_vaults_entry_tiered, serial_shops,
          nicolae_shop_rolled_up, minmay_joined_circles
D:14:     layout_irregular_city, infiniplex_staircase_spiral, nicolae_wwwww
D:15:     gammafunk_enter_depths_forms, layout_basic, minmay_misc_feat_encased,
          serial_rivers, chequers_serial_rivers_micro_b,
          chequers_serial_rivers_marsh, chequers_serial_rivers_micro_e,
          chequers_serial_rivers_marsh, gammafunk_ghost_cemetery,
          chequers_serial_rivers_large_a, uniq_josephine, uniq_louise
Temple:   bh_familiar_temple
Lair:1:   layout_regular_city, grunt_megastairs_3, infiniplex_staircase_pool
Lair:2:   layout_cave_pods, grunt_megastairs_1, serial_bayou_shore_b
Lair:3:   layout_long_grid, elwin_shoals_entry_rooms, dummy_snake_entry,
          minivault_11, minmay_shattered_shrine, uniq_nessos
Lair:4:   layout_big_grid, dpeg_slime_entry_corner, lemuel_fruit_fields,
          grunt_megastairs_4, uniq_sonja
Lair:5:   minmay_lair_end_enchanted_forest, layout_gridlike,
          ebering_ghost_rock_garden
Shoals:1: layout_shoals, nicolae_shoals_undead_eyrie
Shoals:2: layout_shoals, ebering_ghost_gozag, nicolae_shoals_dead_sea_scrolls,
          uniq_polyphemus
Shoals:3: layout_shoals, nicolae_shoals_drake_roost, uniq_bai_suzhen
Shoals:4: shoals_end_hellmonk_lost_city
Snake:1:  layout_gridlike
Snake:2:  layout_basic
Snake:3:  layout_honeycomb, basic_altar, lemuel_fruit_tree, uniq_azrael
Snake:4:  johnstein_snake_rune_scales, layout_gridlike, serial_curves,
          eino_curves_04, eino_curves_01
Orc:1:    layout_diamond_mine, elf_legates
Orc:2:    st_orc_town, layout_caves, minmay_shop_mayhem
Elf:1:    layout_geoelf_octagon, serial_shops, shop,
          hangedman_elven_crosses_minicolossus, lemuel_upstairs_altar,
          uniq_zenata
Elf:2:    nicolae_elf_blades_crystal_corner, layout_loops_corners, basic_altar,
          serial_shops, shop, infiniplex_enter_wizlab_spiral,
          einodemon_crawler_minivault, uniq_asterion
Elf:3:    grunt_elf_hall_branching, layout_loops_corners,
          nicolae_shop_i_like_small_books_too
Vaults:1: nicolae_vaults_gold_heap, nicolae_vaults_thirteen_compartments,
          ontoclasm_vaults_misaligned, nicolae_vaults_trapezoid_lopsided_1,
          nicolae_vaults_steering_wheel, hangedman_vaults_locks,
          nicolae_vaults_what_the_h, nicolae_vaults_tetromino_L_1,
          nicolae_vaults_trapezoid_1, v_pattern_5, nicolae_vaults_wrenched,
          vaults_room_fours, v_misc_14, ontoclasm_vaults_gateway,
          nicolae_vaults_prndl, layout_vaults_maze, serial_shops,
          bzr_entry_water
Vaults:2: hangedman_vaults_stagger, vaults_room_fancy_cross, vaults_dpeg_cross,
          nicolae_vaults_octothorpe, nicolae_vaults_door_testing_chamber,
          grunt_vaults_swirl, v_misc_1, nicolae_vaults_closet_pinwheel_4,
          nicolae_vaults_storage_closets_3, vaults_dpeg_hooks, v_alt_pattern_1,
          layout_vaults_omnibox, uniq_nikola
Vaults:3: ontoclasm_vaults_spin, ontoclasm_vaults_idyll,
          minmay_crypt_entry_skeletal_spiral, nicolae_vaults_border_crossing,
          hangedman_vaults_stretched_pinwheel, vaults_room_octagon,
          nicolae_vaults_theta, ontoclasm_vaults_chip, vaults_dpeg_encased_lava,
          hangedman_vaults_corner_blocks, special_room_vaults
          [special_room_orc], nicolae_vaults_mini_display_case,
          layout_vaults_omnigrid
Vaults:4: v_alt_pattern_4, ontoclasm_vaults_twist, vaults_dpeg_spiral,
          v_misc_30, nicolae_vaults_mush_room, vaults_room_corners, v_rooms_6,
          vaults_mumra_hexcomb, v_alt_pattern_1,
          nicolae_vaults_closet_pinwheel_1, nicolae_vaults_double_plus_1,
          nicolae_vaults_taking_the_gang_shopping, nicolae_vaults_apartment_2,
          grunt_vaults_hallway_short, layout_vaults_omnicross
Vaults:5: serial_shops
Depths:1: layout_roguey, lightli_too_deep, fiery_altar_vehumet, special_room
          [special_room_morgue], serial_shops, shop, chequers_jeans,
          minmay_fractal_squares_gapless_7, uniq_aizul
Depths:2: minmay_expanding_circles, layout_gridville, gammafunk_ghost_split,
          grunt_pan_entry_sceptre, grunt_gozag_breadcrumbs,
          hangedman_coc_ice_floe, serial_bayou_shore_b,
          infiniplex_staircase_pool_2
Depths:3: minmay_the_grid_octo_2x2 [minmay_the_grid_octo_empty,
          minmay_the_grid_octo_fan_narrow, minmay_the_grid_octo_odd_swirl,
          minmay_the_grid_octo_prize_single_spiral], layout_basic,
          enter_ziggurat_d, minmay_door_square, hangedman_tar_grid_catacomb,
          abyss_entry_flame_altar, uniq_sojobo
Depths:4: evilmike_zot_entry_round, layout_honeycomb, serial_shops, shop,
          hell_entry, kennysheep_pointless_box, minmay_multi_spiral, uniq_mennas
Zot:1:    layout_misc_corridors, gammafunk_ghost_arena, st_stairs_2,
          grunt_ministairs_14
Zot:2:    kennysheep_room_grid, layout_twisted_circle
Zot:3:    kennysheep_blocky_room, layout_misc_corridors, grunt_ministairs_6
Zot:4:    layout_misc_corridors, hellmonk_ghost_big_iron,
          amethyst_zot_foddershock, uniq_grunn, uniq_parghit
Zot:5:    layout_basic, uniq_tiamat

Skill      XL: |  1  2  3  4  5  6  7  8  9 10 11 12 13 14 15 16 17 18 19 20 21 22 23 24 25 26 |
---------------+-------------------------------------------------------------------------------+-----
Axes           | 3 5 6 7 8 10 12 13 15 16 17 18 19 20 21 22 | 22.0
Fighting       | 4 5 6 7 8 9 10 11 12 13 15 16 17 18 19 20 21 22 23 | 23.0
Armour         | 4 5 6 7 8 9 10 11 12 13 14 15 16 18 20 | 20.0
Shields        | 4 6 8 9 10 11 13 14 15 16 17 18 19 20 21 22 | 22.0
Invocations    | 1 4 5 7 8 10 11 12 13 15 16 17 18 19 20 21 22 | 22.0
Dodging        | 2 4 5 6 7 8 9 10 11 12 13 14 16 18 | 18.3
Evocations     | 3 5 7 9 10 11 12 13 14 | 14.0

Action                     |  1- 3 |  4- 6 |  7- 9 | 10-12 | 13-15 | 16-18 | 19-21 | 22-24 | 25-27 || total
---------------------------+-------+-------+-------+-------+-------+-------+-------+-------+-------++-------
  Melee: War axe           |   110 |   116 |   279 |   195 |       |       |       |       |       ||   700
         Broad axe         |       |       |       |   412 |  1019 |  1176 |  1477 |  1716 |  1365 ||  7165
         Hand axe          |       |       |       |       |    63 |    20 |    11 |       |       ||    94
 Invoke: Convert to Beogh  |       |       |     1 |       |       |       |       |       |       ||     1
         Smiting           |       |       |       |    18 |    16 |    34 |    54 |    26 |    27 ||   175
Ability: Evoke Invisibilit |       |       |       |       |     1 |       |     1 |       |       ||     2
  Evoke: Wand              |       |       |       |     1 |       |       |       |       |       ||     1
         Phial of floods   |       |       |       |       |       |       |     1 |       |       ||     1
         Tin of tremorston |       |       |       |       |       |       |     1 |       |       ||     1
         Phantom mirror    |       |       |       |       |       |       |       |     1 |     1 ||     2
    Use: Potion            |       |     1 |     3 |     6 |       |       |     3 |     4 |     9 ||    26
         Scroll            |       |       |     4 |    11 |    18 |    10 |     5 |    18 |    14 ||    80
   Stab: Invisible         |       |       |       |     8 |     6 |     1 |     4 |       |       ||    19
         Distracted        |       |       |       |       |     2 |     1 |     4 |     2 |       ||     9
         Confused          |       |       |       |       |       |     1 |       |       |       ||     1
 Armour: Scale mail        |    51 |    19 |       |       |       |       |       |       |       ||    70
         Plate armour      |       |    63 |   206 |   120 |       |       |       |       |       ||   389
         Skin              |       |       |       |    31 |       |       |       |       |       ||    31
         Chain mail        |       |       |       |   295 |   537 |   550 |   512 |   163 |       ||  2057
         Storm dragon scal |       |       |       |       |       |       |       |   517 |   624 ||  1141
  Dodge: Dodged            |    57 |    35 |    87 |   253 |   335 |   366 |   401 |   533 |   505 ||  2572
  Block: Buckler           |    30 |    19 |       |    17 |       |       |       |       |       ||    66
         Kite shield       |       |       |       |   114 |   604 |    92 |       |       |       ||   810
         Tower shield      |       |       |       |       |       |  1113 |  1328 |  2036 |  2213 ||  6690
         Reflection        |       |       |       |       |       |   129 |    73 |    68 |    20 ||   290
